 Dungeon Crawl Stone Soup version 0.32-a0-560-g4c7f4391e0 (webtiles) character file.

Game seed: 9502579701312008074

1195 grandjackal the Ruffian (level 8, -2/64 HPs)
             Began as a Demonspawn Gladiator on Feb 29, 2024.
             Slain by a black bear (4 damage)
             ... on level 6 of the Dungeon.
             The game lasted 00:05:07 (4875 turns).

grandjackal the Ruffian (Demonspawn Gladiator)      Turns: 4875, Time: 00:05:08

Health: -2/64      AC:  3    Str: 23    XL:     8   Next: 20%
Magic:  8/8        EV: 12    Int:  8    God:
Gold:   395        SH:  0    Dex: 15    Spells: 7/7 levels left

rFire   . . .        a - +0 long sword
rCold   . . .        (no shield)
rNeg    . . .        b - +0 leather armour
rPois   .            (helmet restricted)
rElec   .            (no cloak)
rCorr   +            (no gloves)
SInv    .            (no boots)
Will    .....        B - amulet of regeneration
Stlth   +            h - +6 ring of strength
HPRegen 1.10/turn    q - ring of resist corrosion
MPRegen 0.11/turn

%: no passive effects
@: no status effects
A: antennae 2, demonic touch 1
a: no special abilities


You were on level 6 of the Dungeon.
You visited 1 branch of the dungeon, and saw 7 of its levels.

You collected 395 gold pieces.

Inventory:

Hand Weapons
 a - a +0 long sword (weapon)
Missiles
 d - 3 throwing nets (quivered)
 e - 7 javelins
 y - 3 curare-tipped darts
Armour
 b - a +0 leather armour (worn)
Jewellery
 c - a ring of flight
 h - a +6 ring of strength (left hand)
 p - a +4 ring of slaying
 q - a ring of resist corrosion (right hand)
 r - a ring of ice
 B - an amulet of regeneration (around neck)
Wands
 m - a wand of flame (11)
Scrolls
 f - 5 scrolls of identify {unknown}
 g - 2 scrolls of amnesia {unknown}
 i - 2 scrolls of teleportation {unknown}
 l - a scroll of vulnerability {unknown}
 s - a scroll of fear {unknown}
 t - a scroll of immolation {unknown}
 u - a scroll of acquirement {unknown}
 x - a scroll of blinking {unknown}
 A - a scroll of enchant armour {unknown}
Potions
 j - 2 potions of curing
 k - a potion of cancellation
 n - a potion of heal wounds
 o - a potion of degeneration {unknown}
 v - 2 potions of might
 w - 2 potions of haste {unknown}
 z - a potion of brilliance {unknown}


   Skills:
 + Level 5.9 Fighting
 - Level 2.8 Long Blades
 - Level 2.0 Throwing
 - Level 2.8 Dodging
 * Level 7.0 Unarmed Combat


You had 7 spell levels left.
You didn't know any spells.
Your spell library contained the following spells:

 Spells                   Type           Power      Damage    Failure   Level
 Mercury Vapours          Alch/Air       0%         N/A       58%         2
 Mephitic Cloud           Conj/Alch/Air  0%         N/A       83%         3
 Freezing Cloud           Conj/Ice/Air   0%         6-21      100%        5


Dungeon Overview and Level Annotations

Branches:
Dungeon (7/15)
 Temple: D:4-7

Altars:
Xom

Annotations:
D:4 1 runed translucent door, Crazy Yiuf


Innate Abilities, Weirdness & Mutations

You have a pair of antennae on your head.
Your touch may inflict minor irresistible damage on your foes.


Message History

You hit the bullfrog.
The bullfrog is moderately wounded.
The bullfrog hits you!
You hit the bullfrog but do no damage.
You touch the bullfrog!
The bullfrog is heavily wounded.
The bullfrog hits you.
The bullfrog snags a nearby moth with its tongue.
The bullfrog closely misses you.
You hit the bullfrog but do no damage.
The bullfrog is heavily wounded.
The bullfrog closely misses you. The bullfrog hits you.
You hit the bullfrog but do no damage.
You touch the bullfrog!
The bullfrog is almost dead.
The bullfrog hits you!
* * * LOW HITPOINT WARNING * * *
The bullfrog barely misses you.
You slash the bullfrog!
You kill the bullfrog!
Your Unarmed Combat skill increases to level 7!
You slash the black bear!
The black bear is severely wounded.
The black bear goes berserk!
You hit the black bear but do no damage.
The black bear is severely wounded.
The black bear bites you!
* * * LOW HITPOINT WARNING * * *
The black bear barely misses you. The black bear claws you.
* * * LOW HITPOINT WARNING * * *
The black bear closely misses you. The black bear barely misses you. x2
The orc wizard casts a spell.
The orc wizard flickers and vanishes!
Deactivating autopickup; reactivate with Ctrl-A.
You barely miss the black bear.
You touch the black bear!
The black bear is almost dead.
The black bear barely misses you. The black bear claws you.
* * * LOW HITPOINT WARNING * * *
The black bear barely misses you. The black bear bites you.
* * * LOW HITPOINT WARNING * * *
The black bear claws you.
You die...

.......# #..#...... #
..#....# #######........
..#...####.....o{#......
..#........#####o#......
#.#........# #c# .....
..#....###.#####o#{.....
####...##.....##o# ##..
# #...##..##.##h# ..
####...##..##.##@#
.......##........##
.###......###.....##
#.................#
#.#...#####.#.....#
#.#...#####.#.....# #
#............#### #
#....####.####
#.#....#.##.####.#.


You could see an orc warrior, a black bear (berserk), a centaur and 3 orcs.

Vanquished Creatures
  A sky beast (D:6)
  A phantom (D:4)
  2 scorpions
  2 bullfrogs (D:6)
  2 howler monkeys
  A bombardier beetle (D:3)
  6 orc priests
  4 hounds
  3 iguanas
  4 orc wizards
  Robin (D:4)
  6 adders
  3 dart slugs
  4 ribbon worms
  22 orcs
  6 endoplasms
  5 giant cockroaches
  16 goblins
  13 hobgoblins
  3 jackals (D:2)
  A quokka (D:4)
  6 ball pythons
  3 bats
  2 frilled lizards
  9 kobolds
  4 rats
130 creatures vanquished.

Notes
Turn   | Place    | Note
-------+----------+-------------------------------------------
     0 | D:1      | grandjackal the Demonspawn Gladiator began the quest for
                  | the Orb.
     0 | D:1      | Reached XP level 1. HP: 16/16 MP: 1/1
   165 | D:1      | Discovered your monstrous ancestry.
   165 | D:1      | Gained mutation: Your touch may inflict minor irresistible
                  | damage on your foes. [demonic ancestry]
   165 | D:1      | Reached XP level 2. HP: 22/22 MP: 2/2
   866 | D:2      | Reached skill level 1 in Unarmed Combat
   884 | D:2      | Reached XP level 3. HP: 23/28 MP: 3/3
  1414 | D:3      | Reached skill level 2 in Unarmed Combat
  1414 | D:3      | Gained mutation: You have a pair of small antennae on your
                  | head. [demonic ancestry]
  1414 | D:3      | Reached XP level 4. HP: 34/35 MP: 4/4
  1699 | D:3      | Reached skill level 3 in Unarmed Combat
  1758 | D:3      | Gained mutation: You have a pair of antennae on your head.
                  | [demonic ancestry]
  1758 | D:3      | Reached XP level 5. HP: 18/41 MP: 5/5
  2296 | D:4      | Reached skill level 4 in Unarmed Combat
  2296 | D:4      | Reached XP level 6. HP: 31/48 MP: 6/6
  2690 | D:4      | Found a runed translucent door.
  2691 | D:4      | Noticed Crazy Yiuf
  2709 | D:4      | Found a shimmering altar of Xom.
  2789 | D:4      | Noticed Robin
  2794 | D:4      | Killed Robin
  3329 | D:4      | Reached skill level 5 in Unarmed Combat
  3666 | D:5      | Entered Level 5 of the Dungeon
  3741 | D:5      | Reached XP level 7. HP: 15/55 MP: 7/7
  3761 | D:5      | Reached skill level 5 in Fighting
  4143 | D:5      | Reached skill level 6 in Unarmed Combat
  4706 | D:6      | Reached XP level 8. HP: 59/63 MP: 8/8
  4821 | D:6      | You fall into a shaft and drop 1 floor!
  4873 | D:6      | Reached skill level 7 in Unarmed Combat
  4875 | D:6      | HP: 2/64 [black bear (2)]
  4875 | D:6      | Slain by a black bear

Illustrated notes

Levels and vault maps discovered:
D:1:      dpeg_arrival_castle, layout_basic
D:2:      layout_loops_ring
D:3:      layout_basic, minmay_pentangle
D:4:      layout_loops_cross, amcnicky_altar_gilded, minivault_1,
          uniq_crazy_yiuf_cottage, uniq_robin
D:5:      layout_loops_ring
D:6:      layout_basic, minmay_temple_entry_gardened_gates, grunt_ministairs_13
D:7:      layout_rooms

Skill      XL: |  1  2  3  4  5  6  7  8 |
---------------+-------------------------+-----
Throwing       | 2 |  2.0
Unarmed Combat | 1 2 3 4 5 6 7 |  7.0
Fighting       | 3 4 5 |  5.9
Long Blades    | |  2.8
Dodging        | |  2.8

Action                     |  1- 3 |  4- 6 |  7- 9 || total
---------------------------+-------+-------+-------++-------
  Melee: Long sword        |    87 |   189 |    85 ||   361
         Touch             |    14 |    28 |    19 ||    61
    Use: Potion            |       |     4 |     2 ||     6
   Stab: Sleeping          |       |     1 |       ||     1
 Armour: Leather armour    |    47 |   122 |    73 ||   242
  Dodge: Dodged            |    59 |   145 |    89 ||   293

Table legend: (Time is in decaauts)
 A = Elapsed time spent in this place.
 B = Non-inter-level travel time spent in this place.
 C = Inter-level travel time spent in this place.
 D = Time resting spent in this place.
 E = Time spent auto-exploring this place.
 F = Levels seen in this place.
 G = Mean time per level.
                   A        B        C        D        E       F      G
               +--------+--------+--------+--------+--------+-----+--------+
         Total |   4971 |   4809 |    162 |    804 |   3066 |   7 |  710.1 |
       Dungeon |   4971 |   4809 |    162 |    804 |   3066 |   7 |  710.1 |
               +--------+--------+--------+--------+--------+-----+--------+

Top non-repeatable levels by time:
     D:4: 1573 daAuts
     D:3: 1011 daAuts
     D:5: 860 daAuts
     D:1: 776 daAuts
     D:2: 518 daAuts
     D:6: 200 daAuts
     D:7: 28 daAuts
